AoeStats
← TearsOfDisdain8

African Clearing

510979366Analyzed
4v4 RM · 10h ago on Oct 3, 2026· 29m 17s· 8 players
Game mode
Random Map
Map size
Large (8 player)
Population
200
Speed
Normal
Resources
Standard
Victory
Conquest
Starting age
Dark Age
Ending age
Imperial Age
RankedLock teamsTeams togetherTeam positionsShared explorationLock speedFull tech treeHidden civsTurbo modeCheats
Victory
Defeat
🇨🇳 Berbers · China
1393
+13
🇨🇳 Wei · China
1380
+14
🇭🇰 Magyars · Hong Kong SAR China
1294
+17
🇨🇳 Mongols · China
1067
+26
🇨🇳 Tatars · China
1350
-18
🇨🇳 Japanese · China
1337
-18
🇩🇪 Byzantines · Germany
1317
-18
🇹🇼 Varangians · Taiwan
1289
-16
davewood_blue
5:37 Loom
12:47 Feudal Age
13:56 Double-Bit Axe
15:06 Horse Collar
18:34 Castle Age
17:36 Fletching
18:05 Padded Archer Armor
18:56 Crossbowman
24:52 Wheelbarrow
24:30 Bodkin Arrow
24:39 Gold Mining
28:01 Ballistics
29:38 Hand Cart
GYLi
10:36 Loom
13:38 Feudal Age
14:35 Double-Bit Axe
17:32 Bloodlines
XXXXXXXXXIA
4:43 Loom
14:05 Feudal Age
20:19 Castle Age
20:03 Double-Bit Axe
20:10 Stone Mining
21:22 Bow Saw
24:15 Wheelbarrow
DarkBladeJarl
10:03 Loom
13:56 Feudal Age
14:45 Double-Bit Axe
17:42 Castle Age
18:00 Scale Mail Armor
18:10 Forging
18:35 Bow Saw
18:39 Gold Mining
20:28 Horse Collar
24:07 Wheelbarrow
23:38 Stone Mining
red
5:25 Loom
13:44 Feudal Age
14:24 Double-Bit Axe
15:30 Horse Collar
18:16 Castle Age
16:45 Forging
17:05 Stone Mining
19:38 Bow Saw
20:24 Wheelbarrow
22:17 Gold Mining
23:34 Husbandry
25:47 Scale Barding Armor
27:05 Bloodlines
29:18 Heavy Plow
29:28 Town Watch
小公子
11:48 Feudal Age
11:03 Loom
13:15 Double-Bit Axe
17:59 Horse Collar
22:31 Castle Age
21:41 Bloodlines
21:51 Scale Barding Armor
23:31 Bow Saw
23:40 Husbandry
27:06 Chain Barding Armor
TearsOfDisdain8
11:34 Feudal Age
15:45 Castle Age
14:21 Double-Bit Axe
14:34 Loom
18:13 Bow Saw
17:55 Fletching
18:33 Bodkin Arrow
23:45 Padded Archer Armor
24:52 Leather Archer Armor
27:50 Ballistics
29:23 Bloodlines
llsama
13:05 Feudal Age
14:22 Double-Bit Axe
17:01 Castle Age
18:09 Bow Saw
19:44 Fletching
19:55 Padded Archer Armor
21:05 Wheelbarrow
20:27 Bodkin Arrow
26:54 Ballistics
27:39 Town Watch
27:42 Loom
28:25 Hand Cart
Connection lost

Rejoining the realm…

Still unreachable

The connection could not be restored.

Session expired

The server has moved on; the page needs a fresh start.